 Dungeon Crawl Stone Soup version 0.24-a0-580-g6a6c3f83c1 (webtiles) character file.

Game seed: 2929421743910502660

249 DasRunzen the Shield-Bearer (level 5, 0/48 HPs)
             Began as a Minotaur Fighter on Aug 22, 2019.
             Was an Initiate of Makhleb.
             Slain by Grinder (6 damage)
             ... on level 4 of the Dungeon.
             The game lasted 00:06:10 (2452 turns).

DasRunzen the Shield-Bearer (Minotaur Fighter)      Turns: 2452, Time: 00:06:12

Health: 0/48       AC: 10    Str: 20    XL:     5   Next: 87%
Magic:  4/4        EV:  7    Int:  5    God:    Makhleb [......]
Gold:   242        SH: 10    Dex: 11    Spells: 4/4 levels left

rFire    x . .     SeeInvis .   a - +2 war axe
rCold    + + .     Gourm    .   c - +1 shield
rNeg     . . .     Faith    .   n - +0 ice dragon scales
rPois    .         Spirit   .   (helmet restricted)
rElec    .         Reflect  .   (no cloak)
rCorr    .         Harm     .   (no gloves)
MR       .....                  (no boots)
Stlth    +.........             (no amulet)
HPRegen  0.16/turn              i - ring of stealth
MPRegen  0.09/turn              (no ring)

@: heavily drained
A: retaliatory headbutt, horns 2
a: Renounce Religion


You were on level 4 of the Dungeon.
You worshipped Makhleb.
Makhleb was noncommittal.
You were not hungry.

You visited 2 branches of the dungeon, and saw 5 of its levels.

You collected 242 gold pieces.

Inventory:

Hand Weapons
 a - a +2 war axe (weapon)
 e - a +2 trident of protection
Armour
 c - a +1 shield (worn)
 n - +0 ice dragon scales (worn)
Jewellery
 i - a ring of stealth (left hand)
Wands
 b - a wand of flame (9)
 j - a wand of clouds (5)
Scrolls
 g - a scroll of blinking
 h - 7 scrolls of identify
 o - 3 scrolls of remove curse
 q - a scroll of teleportation
Potions
 d - a potion of might
 k - a potion of agility
 l - 2 potions of curing
 m - a potion of mutation {unknown}
 p - a potion of cancellation {unknown}
 r - a potion of haste
Comestibles
 f - 11 rations


   Skills:
 + Level 5.0(3.6) Fighting
 + Level 4.2(2.9) Axes
 + Level 5.0(3.6) Armour
 + Level 5.1(3.7) Shields
 + Level 0.2(0.0) Invocations


You had 4 spell levels left.
You didn't know any spells.
Your spell library was empty.

Dungeon Overview and Level Annotations

Branches:
Dungeon (4/15)             Temple (1/1) D:4

Altars:
Ashenzari
Cheibriados
Dithmenos
Elyvilon
Fedhas
Gozag
Hepliaklqana
Makhleb
Nemelex Xobeh
Qazlal
Sif Muna
Trog
Vehumet
Wu Jian
Xom
Yredelemnul
The Shining One

Annotations:
D:3 3 runed translucent doors, wazuzu's ghost, amateur MiFi
D:4 Grinder


Innate Abilities, Weirdness & Mutations

You reflexively headbutt those who attack you in melee.
You have a pair of horns on your head.


Message History

You hit Grinder.
Grinder is lightly wounded.
Grinder gestures at you. Pain shoots through your body!
* * * LOW HITPOINT WARNING * * *
You block Grinder's attack.
You slash Grinder!
Grinder is heavily wounded.
You block Grinder's attack.
You completely miss Grinder.
Grinder is heavily wounded.
Grinder hits you but does no damage.
Grinder blinks!
You block Grinder's attack.
Your shield and ice dragon scales prevent you from hitting Grinder.
Your headbutt misses Grinder.
Grinder is heavily wounded.
Grinder hits you.
* * * LOW HITPOINT WARNING * * *
You writhe in agony.
You die...

##.## ##.........#
#...# #.......###
#.#.####......##
#.._..##......#
###.#.......#+######
#.########.......#
#................#
#.#######........#
#.# .......@.....#
#.# ......5......#
#.#######........#
#...........######
##...#....###
#.#.#.### #.#.#.#
#.#.#(# #.#.#.#


You could see Grinder.

Vanquished Creatures
  Terence (D:2)
  Ijyb (D:4)
  A hound skeleton (D:4)
  4 adders
  3 gnolls (D:3)
  3 oozes
  An adder skeleton (D:3)
  5 worms
  2 dart slugs
  9 orcs (D:3)
  3 giant cockroaches
  12 goblins
  5 hobgoblins
  4 jackals
  2 quokkas
  A ball python (D:1)
  7 bats
  9 frilled lizards
  6 kobolds
  5 rats
84 creatures vanquished.

Notes
Turn   | Place    | Note
-------+----------+-------------------------------------------
     0 | D:1      | DasRunzen the Minotaur Fighter began the quest for the Orb.
     0 | D:1      | Reached XP level 1. HP: 19/19 MP: 0/0
    63 | D:1      | Reached XP level 2. HP: 24/27 MP: 1/1
   731 | D:2      | Reached XP level 3. HP: 33/33 MP: 2/2
   745 | D:2      | Noticed Terence
   764 | D:2      | Killed Terence
   778 | D:2      | Found a shattered altar of Ashenzari.
   870 | D:2      | Reached XP level 4. HP: 21/40 MP: 3/3
   985 | D:2      | Found a white marble altar of Elyvilon.
   985 | D:2      | Found a sparkling altar of Nemelex Xobeh.
   986 | D:2      | Found a hazy altar of Hepliaklqana.
  1554 | D:3      | Noticed wazuzu's ghost (amateur MiFi)
  1565 | D:3      | Found a runed translucent gate.
  1565 | D:3      | Found a runed translucent gate.
  1565 | D:3      | Found a runed translucent gate.
  1596 | D:3      | Reached XP level 5. HP: 43/47 MP: 4/4
  1827 | D:3      | Found a shimmering blue altar of Sif Muna.
  2074 | D:4      | Noticed Ijyb
  2078 | D:4      | Killed Ijyb
  2078 | D:4      | Reached skill level 5 in Shields
  2134 | D:4      | Found a staircase to the Ecumenical Temple.
  2145 | Temple   | Entered the Ecumenical Temple
  2215 | D:4      | Reached skill level 5 in Fighting
  2276 | D:4      | Found a glowing golden altar of the Shining One.
  2392 | D:4      | Found a burning altar of Makhleb.
  2400 | D:4      | Became a worshipper of Makhleb the Destroyer
  2437 | D:4      | Noticed Grinder
  2441 | D:4      | Reached skill level 5 in Armour
  2452 | D:4      | Slain by Grinder

Levels and vault maps discovered:
D:1:      zelgadis_glass_arrival_small, layout_loops_ring
D:2:      layout_loops_ring, gammafunk_temple_overflow_claw,
          evilmike_ruin_ashenzari, first_ration, kennysheep_generic_room_6,
          uniq_terence
D:3:      layout_basic, marbit_many_paths, gammafunk_ghost_split,
          minmay_close_crescents
D:4:      layout_basic, old_standard_altar, lemuel_crystal_altar,
          minmay_temple_entry_wispy, uniq_ijyb, uniq_grinder
Temple:   eino_wide_crystal_templ

Skill      XL: |  1  2  3  4  5 |
---------------+----------------+-----
Fighting       | 4 5 |  5.0
Axes           | 3 4 |  4.2
Armour         | 4 5 |  5.0
Shields        | 4 5 |  5.1
Invocations    | |  0.2

Action                   |  1- 3 |  4- 6 || total
-------------------------+-------+-------++-------
Melee: War axe           |    81 |   128 ||   209
       Headbutt          |    14 |    20 ||    34
  Use: Scroll            |     5 |     6 ||    11
  Eat: Chunk             |       |     5 ||     5
Armor: Scale mail        |    27 |    32 ||    59
       Ice dragon scales |       |     6 ||     6
Dodge: Dodged            |    15 |    30 ||    45
Block: Shield            |    49 |    78 ||   127

Table legend:
 A = Non-vault XP
 B = Vault XP
 C = Vault XP percentage of total XP
 D = Non-vault monster count
 E = Vault monster count
 F = Vault count percentage of total count
                 A         B        C        D         E       F
            +---------+---------+-------+---------+---------+-------
      Total |     267 |      90 |  25.2 |      75 |       9 |  10.7
            +---------+---------+-------+---------+---------+-------
        D:1 |      37 |       0 |   0.0 |      23 |       0 |   0.0
        D:2 |      61 |      44 |  41.9 |      22 |       3 |  12.0
        D:3 |     132 |      10 |   7.0 |      24 |       5 |  17.2
        D:4 |      37 |      36 |  49.3 |       6 |       1 |  14.3
            +---------+---------+-------+---------+---------+-------
